 Dungeon Crawl Stone Soup version 0.31-a0-233-g139696dc86 (webtiles) character file.

Game seed: 1857178899940940484

1237 qw the Skirmisher (level 8, -4/68 HPs)
             Began as a Minotaur Hexslinger on July 7, 2023.
             Slain by a yak (14 damage)
             ... on level 6 of the Dungeon.
             The game lasted 00:01:23 (4161 turns).

qw the Skirmisher (Minotaur Hexslinger)             Turns: 4161, Time: 00:01:23

Health: -4/68      AC:  9    Str: 13    XL:     8   Next: 24%
Magic:  0/8        EV: 13    Int: 10    God:
Gold:   257        SH:  0    Dex: 15    Spells: 8/9 levels left

rFire   . . .        a - +8 storm bow {elec, penet}
rCold   . . .        (shield currently unavailable)
rNeg    + . .        n - +3 leather armour
rPois   .            (helmet restricted)
rElec   +            (no cloak)
rCorr   .            (no gloves)
SInv    .            b - +2 pair of boots of Eternity {rElec rN+ Regen+}
Will    .....        l - amulet of guardian spirit
Stlth   +            (no ring)
HPRegen 1.11/turn    (no ring)
MPRegen 0.11/turn

%: guardian spirit
@: no status effects
A: horns 2, retaliatory headbutt
a: no special abilities


You were on level 6 of the Dungeon.
You visited 1 branch of the dungeon, and saw 6 of its levels.

You collected 257 gold pieces.


Innate Abilities, Weirdness & Mutations

You have a pair of horns on your head.
You reflexively headbutt those who attack you in melee.


   Skills:
 + Level 5.2 Fighting
 - Level 9.5 Ranged Weapons
 - Level 1.1 Armour
 - Level 3.6 Dodging
 - Level 1.0 Spellcasting
 - Level 2.0 Hexes


You had 8 spell levels left.
You knew the following spells:

 Your Spells              Type           Power      Damage    Failure   Level
a - Slow                  Hex            16%        N/A       19%         1

Your spell library contained the following spells:

 Spells                   Type           Power      Damage    Failure   Level
 Inner Flame              Hex/Fire       2%         N/A       65%         3
 Portal Projectile        Hex/Tloc       4%         N/A       65%         3
 Cause Fear               Hex            2%         N/A       88%         4

Inventory:

Hand Weapons
 a - the +8 storm bow (weapon) {elec, penet}
   (You acquired it on level 2 of the Dungeon)
Armour
 b - the +2 pair of boots of Eternity (worn) {rElec rN+ Regen+}
   (You acquired it on level 3 of the Dungeon)

   rElec:     It insulates you from electricity.
   rN:        It protects you from negative energy.
   Regen:     It increases your rate of health regeneration.
 n - a +3 leather armour (worn)
 p - a +0 pair of gloves
Jewellery
 l - an amulet of guardian spirit (around neck)
Scrolls
 e - a scroll of identify
 f - a scroll of immolation {unknown}
 m - a scroll of silence {unknown}
 o - a scroll of enchant armour {unknown}
Potions
 c - 3 potions of curing
 d - a potion of might
 g - a potion of haste
 h - a potion of cancellation {unknown}
 i - a potion of lignification {unknown}
 j - a potion of attraction {unknown}
 k - a potion of degeneration {unknown}

Dungeon Overview and Level Annotations

Branches:
Dungeon (6/15)
 Temple: D:4-7

Altars:
Elyvilon
Uskayaw
Vehumet


Message History

You shoot an arrow.
The arrow pierces through the white imp!
You kill the white imp!
The arrow pierces through the yak!
The yak is moderately wounded.
The arrow closely misses the yak.
The arrow pierces through the yak!
The yak is moderately wounded.
You shoot an arrow. The arrow pierces through the yak.
The yak is lightly wounded.
The arrow pierces through the yak!
Lightning courses through the yak!
The yak is almost dead.
The arrow closely misses the yak.
The arrow completely misses the yak.
The yak gores you. x2; The yak gores you!
You shoot an arrow. The arrow pierces through the yak.
You kill the yak!
You have reached level 8!
You feel agile.
You shoot an arrow. The arrow closely misses the yak.
The arrow pierces through the yak!
The yak is heavily wounded.
The yak completely misses you. The yak gores you but does no damage.
You shoot an arrow. The arrow pierces through the yak!
Lightning courses through the yak!
The yak is severely wounded.
The arrow pierces through the yak.
The yak is severely wounded.
The yak closely misses you. You furiously retaliate!
You headbutt the yak, but do no damage. The yak misses you.
You furiously retaliate!
You headbutt the yak! The yak barely misses you. The yak misses you.
The yak gores you. The yak gores you but does no damage. The yak gores you.
You shoot an arrow. The arrow barely misses the yak.
The yak gores you! The yak closely misses you. You furiously retaliate!
You headbutt the yak. The yak barely misses you. The yak gores you!
You shoot an arrow. The arrow pierces through the yak.
You kill the yak!
The yak closely misses you. The yak gores you! The yak closely misses you.
Your Ranged Weapons skill increases to level 9!
You shoot an arrow. The arrow closely misses the yak.
The yak gores you! The yak gores you but does no damage. The yak gores you!
You die...

.# #######.#.# .#
#.#.# .# #.#.# .#
#.#.# #.#.# #.#.#
#.#.#########.
#.#.##YY......
#.....@.......
......#.##Y####...
.....(..##.#
#.#######... #
.... #...## ##.##
..#


You could see 3 yaks.

Vanquished Creatures
  2 yaks (D:6)
  A black bear (D:6)
  2 ogres (D:5)
  A scorpion (D:5)
  A jelly (D:4)
  2 hounds
  4 orc priests
  An iguana (D:5)
  2 sleepcaps
  2 orc wizards
  4 gnolls (D:3)
  13 adders
  4 white imps
  An ufetubus (D:6)
  2 worms (D:2)
  3 dart slugs
  16 orcs
  7 endoplasms
  2 goblins (D:3)
  5 hobgoblins
  4 jackals (D:3)
  5 kobolds
  5 quokkas
  7 ball pythons
  3 bats
  A frilled lizard (D:3)
  4 rats (D:1)
104 creatures vanquished.

Notes
Turn   | Place    | Note
-------+----------+-------------------------------------------
     0 | D:1      | qw the Minotaur Hexslinger began the quest for the Orb.
     0 | D:1      | Reached XP level 1. HP: 16/16 MP: 1/1
     0 | D:1      | Noticed a shadow dragon
     0 | D:1      | 0 ||| qw: Version: 0.3-a-46-gb1f654a
     0 | D:1      | 0 ||| qw: Game counter: 3039
     0 | D:1      | 0 ||| qw: Melee chars always use a shield: true
     0 | D:1      | 0 ||| qw: God list: Okawaru
     0 | D:1      | 0 ||| qw: Allow faded altars: false
     0 | D:1      | 0 ||| qw: Do Orc after clearing Dungeon:15 true
     0 | D:1      | 0 ||| qw: Do second Lair branch before Depths: true
     0 | D:1      | 0 ||| qw: Lair rune preference: random
     0 | D:1      | 0 ||| qw: Goals: Normal
     0 | D:1      | 0 ||| PLANNING D:1-11
     1 | D:1      | Noticed an ice dragon
     3 | D:1      | Noticed an ice dragon
     5 | D:1      | Noticed a tentacled monstrosity
     7 | D:1      | Noticed an ice dragon
     8 | D:1      | Noticed an orb of fire
     9 | D:1      | Noticed a large abomination
    11 | D:1      | Noticed an ice dragon
    13 | D:1      | Noticed an iron dragon
    15 | D:1      | Noticed a golden dragon
    15 | D:1      | Noticed an orb of fire
    15 | D:1      | Noticed a shadow dragon
    17 | D:1      | Noticed a large abomination
    19 | D:1      | Noticed a shadow dragon
    21 | D:1      | Noticed an iron dragon
   255 | D:1      | Reached skill level 3 in Ranged Weapons
   255 | D:1      | Reached XP level 2. HP: 22/23 MP: 2/2
   835 | D:1      | 835 ||| UPGRADING to +0 ring mail.
   845 | D:1      | 845 ||| DROPPING +0 robe.
   846 | D:1      | 846 ||| READING scroll labelled RAFEIR QONAUZ.
   847 | D:1      | 847 ||| READING scroll labelled VYNGIEST JOGH.
   848 | D:1      | 848 ||| READING scroll labelled INOIKHAVVE.
   849 | D:1      | 849 ||| READING scroll labelled XEOLICR YLENYI.
   850 | D:1      | 850 ||| READING scroll labelled SICUODDEEME.
   853 | D:1      | 853 ||| READING scroll labelled GILONG DOMIS.
   854 | D:1      | 854 ||| DROPPING scroll of poison.
  1117 | D:2      | HP: 6/24 [worm (3)]
  1120 | D:2      | Reached XP level 3. HP: 8/29 MP: 3/3
  1458 | D:2      | Reached skill level 4 in Ranged Weapons
  1488 | D:2      | Reached skill level 1 in Armour
  1818 | D:2      | 1818 ||| READING scroll labelled ORIT XUIHU.
  1819 | D:2      | 1819 ||| READING scroll labelled EVIXOXI YPPI.
  1819 | D:2      | Identified a scroll of acquirement
  1819 | D:2      | 1819 ||| ACQUIRING +8 storm bow {elec, penet}
  1819 | D:2      | Acquired the +8 storm bow {elec, penet}
  1819 | D:2      | Found the +8 storm bow {elec, penet}
  1821 | D:2      | 1821 ||| SWAPPING to +8 storm bow {elec, penet}.
  1822 | D:2      | 1822 ||| DROPPING +1 heavy sling.
  1823 | D:2      | 1823 ||| READING scroll labelled KAEMYWNOMI.
  1824 | D:2      | 1824 ||| READING scroll labelled EFI FEM UJE.
  1922 | D:3      | Reached XP level 4. HP: 36/36 MP: 4/4
  1997 | D:3      | Noticed a +0 hand axe
  1998 | D:3      | Noticed a +0 hand axe
  2000 | D:3      | Found a hide-covered altar of Uskayaw.
  2002 | D:3      | 2002 ||| DRINKING 2 black potions.
  2029 | D:3      | Found a white marble altar of Elyvilon.
  2040 | D:3      | 2040 ||| READING scroll of acquirement.
  2040 | D:3      | 2040 ||| ACQUIRING +2 pair of boots of Eternity {rElec rN+
                  | Regen+}
  2040 | D:3      | Acquired the +2 pair of boots of Eternity {rElec rN+
                  | Regen+}
  2042 | D:3      | 2042 ||| UPGRADING to +2 pair of boots of Eternity {rElec
                  | rN+ Regen+}.
  2144 | D:3      | Reached skill level 5 in Ranged Weapons
  2244 | D:3      | Found a radiant altar of Vehumet.
  2740 | D:4      | 2740 ||| Stepping ~*~*~tactically~*~*~ (outnumbered).
  2742 | D:4      | 2742 ||| Stepping ~*~*~tactically~*~*~ (outnumbered).
  2746 | D:4      | Reached skill level 3 in Fighting
  2746 | D:4      | Reached XP level 5. HP: 45/45 MP: 5/5
  2855 | D:4      | You fall into a shaft and drop 1 floor!
  2855 | D:5      | Entered Level 5 of the Dungeon
  2971 | D:5      | Reached skill level 6 in Ranged Weapons
  2998 | D:5      | Noticed an ogre
  3000 | D:5      | Killed an ogre
  3001 | D:5      | Reached XP level 6. HP: 53/53 MP: 6/6
  3007 | D:5      | 3007 ||| DRINKING 4 fizzy ruby potions.
  3126 | D:4      | Reached skill level 7 in Ranged Weapons
  3300 | D:5      | Reached XP level 7. HP: 55/60 MP: 7/7
  3632 | D:5      | Reached skill level 8 in Ranged Weapons
  3891 | D:5      | 3891 ||| UPGRADING to +3 leather armour.
  3901 | D:5      | 3901 ||| DROPPING +0 ring mail.
  3902 | D:5      | 3902 ||| UPGRADING to amulet of guardian spirit.
  3907 | D:5      | 3907 ||| DROPPING +6 ring of intelligence.
  3908 | D:5      | 3908 ||| READING 2 scrolls of identify.
  3908 | D:5      | 3908 ||| IDENTIFYING sapphire potion
  4048 | D:6      | Reached skill level 3 in Dodging
  4148 | D:6      | Noticed a yak
  4149 | D:6      | Noticed a yak
  4149 | D:6      | Noticed a yak
  4150 | D:6      | Noticed a yak
  4153 | D:6      | Noticed a yak
  4156 | D:6      | Killed a yak
  4157 | D:6      | Reached XP level 8. HP: 53/68 MP: 5/8
  4161 | D:6      | Reached skill level 9 in Ranged Weapons
  4161 | D:6      | HP: 10/68 [yak (11)]
  4161 | D:6      | Slain by a yak

Levels and vault maps discovered:
D:1:      shiori_arrival_whats_in_store_for_you, layout_basic
D:2:      layout_basic, kennysheep_generic_room_3
D:3:      layout_basic, mainiacjoe_overflow_catwalk_spiral,
          dancing_weapons_uskayaw, minmay_misc_feat_x,
          chequers_serial_rivers_large_a
D:4:      layout_cave_pools
D:5:      layout_cave_pods, hex_medium, st_stairs_2, palyth_stone_intersect,
          fountainhead
D:6:      layout_loops_ring, general_overflow_altar,
          ebering_ghost_reflecting_pool, kennysheep_crisscross, eino_curves_04,
          uniq_blork_the_orc

Skill      XL: |  1  2  3  4  5  6  7  8 |
---------------+-------------------------+-----
Ranged Weapons | 3 4 5 6 7 8 9 |  9.5
Fighting       | 2 3 4 5 |  5.2
Armour         | 1 |  1.1
Dodging        | 3 |  3.6
Spellcasting   | |  1.0
Hexes          | |  2.0

Action                     |  1- 3 |  4- 6 |  7- 9 || total
---------------------------+-------+-------+-------++-------
   Fire: Sling             |    89 |       |       ||    89
         Longbow           |     3 |    78 |    68 ||   149
    Use: Scroll            |    10 |     1 |     1 ||    12
         Potion            |       |     2 |       ||     2
 Armour: Robe              |     2 |       |       ||     2
         Ring mail         |     8 |     5 |     2 ||    15
         Leather armour    |       |       |     5 ||     5
  Dodge: Dodged            |    21 |    11 |    17 ||    49

Table legend:
 A = Non-vault XP
 B = Vault XP
 C = Vault XP percentage of total XP
 D = Non-vault monster count
 E = Vault monster count
 F = Vault count percentage of total count
                 A         B        C        D         E       F
            +---------+---------+-------+---------+---------+-------
      Total |    1675 |      93 |   5.3 |     102 |       2 |   1.9
            +---------+---------+-------+---------+---------+-------
        D:1 |      31 |       0 |   0.0 |      17 |       0 |   0.0
        D:2 |      48 |      13 |  21.3 |      11 |       1 |   8.3
        D:3 |      96 |       0 |   0.0 |      18 |       0 |   0.0
        D:4 |     250 |       0 |   0.0 |      19 |       0 |   0.0
        D:5 |     472 |      80 |  14.5 |      21 |       1 |   4.5
        D:6 |     778 |       0 |   0.0 |      16 |       0 |   0.0
            +---------+---------+-------+---------+---------+-------
